Map: Cyber Forest LE

Players

TiPtOP - Winner!

  • Race: Terran Terran
  • League: Silver
  • Spawn Location: 5:00

VOD

Have the link to the VOD?

Description

Time

  • Played on: May 8, 2019, 9 p.m.
  • Length: 15:52
Show
View Real Time Build Order
Export as new Build Order

TiPtOP Terran - Winner!

Build Orders:  

Get SALT Encoding   

  12  0:01  SCV  
  13  0:18  SCV  
  14  0:26  Supply Depot  
  14  0:35  SCV  
  15  0:56  SCV  
  16  1:00  Barracks  
  16  1:13  SCV  
  16  1:18  Refinery  
  17  1:34  SCV  
  18  1:52  SCV  
  19  2:13  Command Center  
  19  2:20  Barracks Reactor  
  19  2:37  SCV  
  20  2:56  Orbital Command  
  20  3:10  Barracks  
  20  3:13  Marine x2  
  22  3:31  SCV  
  23  3:53  Marine x2  
  23  3:58  SCV, Supply Depot  
  26  4:01  SCV  
  27  4:13  Supply Depot  
  27  4:21  Barracks Tech Lab  
  27  4:23  Marine x2  
  27  4:25  SCV  
  30  4:37  SCV, Supply Depot  
  31  4:41  SCV  
  31  4:48  Marine x2, Supply Depot  
  34  4:54  SCV  
  35  5:01  Barracks  
  35  5:11  SCV  
  36  5:22  Marine x2  
  36  5:23  Marine  
  36  5:28  Stimpack, SCV  
  40  5:38  Refinery  
  40  5:39  SCV  
  41  5:52  Marine x3  
  44  6:06  SCV  
  45  6:14  SCV  
  46  6:21  Supply Depot  
  46  6:23  SCV  
  46  6:29  Marine x2  
  50  6:31  SCV  
  50  6:35  Barracks Reactor  
  50  6:40  Factory  
  50  6:47  Marine  
  51  6:53  Bunker  
  51  6:58  Engineering Bay  
  51  7:19  SCV x2  
  53  7:21  Marine  
  53  7:22  Marine x2  
  56  7:30  Marine  
  56  7:31  Marine  
  58  7:40  Factory Reactor  
  58  7:45  Starport  
  58  7:47  Terran Infantry Weapons Level 1  
  58  7:53  Marine x3  
  61  8:04  Supply Depot  
  61  8:05  SCV x2  
  63  8:18  Unknown  
  63  8:20  Marine x2  
  63  8:21  Marine x2  
  63  8:22  SCV x2, Marine  
  70  8:40  Command Center  
  70  8:44  Refinery, SCV x2  
  70  8:46  Marine x2  
  70  8:47  Marine x3  
  77  9:16  Medivac x2  
  81  9:20  Marine x4  
  81  9:21  Marine  
  81  9:24  Factory Tech Lab  
  86  9:54  Supply Depot  
  86  10:06  Supply Depot  
  86  10:07  Supply Depot  
  86  10:20  SCV x2, Marine  
  89  10:37  Terran Infantry Armor Level 1  
  89  10:46  Marine x3  
  89  10:47  Marine  
  89  10:49  Siege Tank  
  96  10:51  Supply Depot  
  96  11:07  Marine  
  97  11:11  Marine x2  
  97  11:15  Medivac  
  104  11:32  Marauder  
  104  11:34  Siege Tank  
  109  11:42  Marine x2  
  109  11:43  Marine x2  
  113  12:15  Unknown  
  113  12:19  Siege Tank  
  105  13:51  Marine x2  
  105  13:52  Marine x3  
  105  13:54  Siege Tank  
  116  14:36  Siege Tank x2  
  116  14:38  Siege Tank  
  116  14:39  Siege Tank  
  119  14:57  Unknown  
Tags
 
Add a new tag
Caveats
  • Supply blocks, unpowered buildings, or Contaminate may cause inaccurate times.
  • Supply counts are checked every 10 seconds.